 Dungeon Crawl Stone Soup version 0.26.1-11-gd32895ea62 (webtiles) character file.

Game seed: 8880235040581461905

256 promet the Sneak (level 6, 0/42 HPs)
             Began as an Octopode Brigand on June 19, 2021.
             Succumbed to an adder's poison
             ... on level 3 of the Dungeon.
             The game lasted 00:12:09 (2527 turns).

promet the Sneak (Octopode Brigand)                 Turns: 2527, Time: 00:12:10

Health: 0/42       AC:  1    Str: 10    XL:     6   Next: 16%
Magic:  6/6        EV: 13    Int: 19    God:
Gold:   104        SH:  0    Dex: 16    Spells: 5/5 levels left

rFire    . . .     SeeInvis .   a - +1 short sword (venom)
rCold    . . .     Faith    .   (no shield)
rNeg     . . .     Spirit   .   (helmet restricted)
rPois    .         Reflect  .   (no amulet)
rElec    .         Harm     .   e - +6 ring of intelligence
rCorr    .         Rampage  .   (no ring)
Will     .....                  (no ring)
Stlth    +++++.....             (no ring)
HPRegen  0.14/turn              (no ring)
MPRegen  0.10/turn              (no ring)
                                (no ring)
                                (no ring)

@: lethally poisoned (0 -> -3)
A: almost no armour, stealthy swim, amphibious, 8 rings, constrict 8, camouflage
1, gelatinous body 1
a: no special abilities


You were on level 3 of the Dungeon.
You visited 1 branch of the dungeon, and saw 4 of its levels.

You collected 104 gold pieces.

Inventory:

Hand Weapons
 a - a +1 short sword of venom (weapon)
 b - a +0 hunting sling
 d - a +2 dagger
 f - a +0 spear
Missiles
 c - 2 curare-tipped darts
 h - 22 poisoned darts (quivered)
 j - 68 stones
 n - 3 javelins
 o - 15 sling bullets
Jewellery
 e - a +6 ring of intelligence (left tentacle)
Scrolls
 g - 2 scrolls of remove curse
 i - 2 scrolls of fear
 l - a scroll of teleportation


   Skills:
 * Level 3.3 Fighting
 + Level 3.3 Short Blades
 + Level 0.3(1.6) Slings
 + Level 2.7 Throwing
 + Level 1.6 Dodging
 + Level 7.6 Stealth


You had 5 spell levels left.
You didn't know any spells.
Your spell library was empty.

Dungeon Overview and Level Annotations

Branches:
Dungeon (4/15)             Temple (0/1) D:4

Altars:

Annotations:
D:4 Sigmund


Innate Abilities, Weirdness & Mutations

You cannot wear most types of armour.
You are very stealthy in the water. (Stealth+)
You are amphibious.
You can wear up to eight rings at the same time.
You can use your tentacles to constrict eight enemies at once.
Your skin changes colour to match your surroundings (Stealth+).
Your rubbery body absorbs attacks. (AC +1, EV +1)


Message History

You feel sick. The bat completely misses you.
* * * LOW HITPOINT WARNING * * *
You feel sick.
Found 7 gold pieces.
The bat misses you.
You see here a chain mail.
* * * LOW HITPOINT WARNING * * *
You feel sick.
* * * LOW HITPOINT WARNING * * *
You feel sick. The bat barely misses you. x2
You hit the bat.
You kill the bat!
The bat barely misses you.
You hit the bat.
The bat is poisoned.
You grab the bat.
The bat is severely wounded.
You constrict the bat.
You kill the bat!
* * * LOW HITPOINT WARNING * * *
You feel sick.
You die...

#.........#.....
#............r..
#..#####.#.>#.#.
.g..$....[.......
.....#...†.....##
...............
.###........#..
#...........
#...@.......
#######...## ...#
..## ##


You could see a quokka (asleep).

Vanquished Creatures
  Menkaure (D:4)
  An orc priest (D:4)
  A worker ant (D:4)
  A hound skeleton (D:4)
  3 adders
  An ooze (D:1)
  A worm (D:4)
  A leopard gecko (D:2)
  An orc (D:4)
  3 giant cockroaches
  3 goblins
  A hobgoblin (D:1)
  4 jackals (D:2)
  5 kobolds
  10 bats
  2 frilled lizards
  5 rats
44 creatures vanquished.

Notes
Turn   | Place    | Note
-------+----------+-------------------------------------------
     0 | D:1      | promet the Octopode Brigand began the quest for the Orb.
     0 | D:1      | Reached XP level 1. HP: 14/14 MP: 1/1
   129 | D:1      | Reached XP level 2. HP: 16/19 MP: 2/2
   628 | D:1      | Reached skill level 6 in Stealth
   878 | D:2      | Reached XP level 3. HP: 22/25 MP: 3/3
  1897 | D:2      | You fall into a shaft and drop 2 floors!
  1906 | D:4      | Found a staircase to the Ecumenical Temple.
  1908 | D:4      | Noticed an orc warrior
  1913 | D:4      | Noticed Menkaure
  1926 | D:4      | Reached XP level 4. HP: 21/30 MP: 4/4
  2028 | D:4      | Killed Menkaure
  2029 | D:4      | Reached skill level 7 in Stealth
  2029 | D:4      | Reached XP level 5. HP: 11/36 MP: 5/5
  2387 | D:4      | Reached XP level 6. HP: 41/42 MP: 6/6
  2442 | D:4      | Noticed Sigmund
  2521 | D:3      | HP: 2/42 [poisoned by an adder]
  2527 | D:3      | Succumbed to an adder's poison

Illustrated notes

Levels and vault maps discovered:
D:1:      minmay_arrival_split_and_join, layout_basic
D:2:      layout_basic
D:3:      layout_rooms, nicolae_overflow_crystal_walls, hangedman_decor_growths
D:4:      layout_basic, minmay_overflow_temple_star_quad,
          minmay_temple_entry_steel_oval, uniq_sigmund, uniq_menkaure

Skill      XL: |  1  2  3  4 |
---------------+-------------+-----
Stealth        | 6 7 |  7.6
Fighting       | 3 |  3.3
Short Blades   | 3 |  3.3
Slings         | |  0.3
Throwing       | |  2.7
Dodging        | |  1.6

Action                   |  1- 3 |  4- 6 || total
-------------------------+-------+-------++-------
Melee: Dagger            |    24 |       ||    24
       Constrict         |    15 |     7 ||    22
       Short sword       |    43 |    20 ||    63
       Tentacles         |     5 |     6 ||    11
 Fire: Hunting sling     |     3 |       ||     3
Throw: Dart              |    12 |     7 ||    19
  Use: Scroll            |     6 |       ||     6
       Potion            |     3 |     1 ||     4
 Stab: Sleeping          |    11 |       ||    11
Armor: Skin              |     9 |     2 ||    11
Dodge: Dodged            |    48 |    31 ||    79
